 Dungeon Crawl Stone Soup version 0.20-a0-1101-g1de9d76 (webtiles) character file.

34771 Alarkh the Severer (level 13, -8/99 HPs)
             Began as a Demonspawn Berserker on May 4, 2017.
             Was the Champion of Trog.
             Killed from afar by a raiju (10 damage)
             ... with a living lightning
             ... on level 2 of the Abyss.
             The game lasted 00:30:26 (17226 turns).

Alarkh the Severer (Demonspawn Berserker)          Turns: 17226, Time: 00:30:28

Health: -8/99      AC: 16    Str: 19      XL:     13   Next: 44%
Magic:  13/13      EV: 15    Int: 11 (13) God:    Trog [******]
Gold:   1036       SH:  0    Dex: 12      Spells: 12/12 levels left

rFire    + . .     SeeInvis +   a - +3 battleaxe (freeze)
rCold    + . .     Gourm    .   (shield currently unavailable)
rNeg     . . .     Faith    +   G - +4 troll leather armour
rPois    .         Spirit   .   (helmet unavailable)
rElec    .         Reflect  .   C - scarf {rC+ rF+}
rCorr    +         Harm     .   O - +2 pair of gloves
MR       .....                  h - +2 pair of boots
Stlth    +.........             g - amulet of faith
Regen    0.7/turn               t - +3 ring of slaying
MPRegen  0.2/turn               F - ring of resist corrosion

@: slowed, very slow
A: antennae 3, powered by death 1, spiny 2, sturdy frame 2
a: Berserk, Trog's Hand, Brothers in Arms, Burn Spellbooks, Renounce Religion


You were on level 2 of the Abyss.
You worshipped Trog.
Trog was exalted by your worship.
You were not hungry.

You visited 2 branches of the dungeon, and saw 15 of its levels.
You visited the Abyss 1 time.
You also visited: Labyrinth and Ice Cave.

You collected 1201 gold pieces.
You spent 165 gold pieces at shops.

Inventory:

Hand Weapons
 a - a +3 battleaxe of freezing (weapon)
 f - a +3 battleaxe
Armour
 h - a +2 pair of boots (worn)
 p - +0 steam dragon scales
 w - a cursed +0 scale mail
 C - a scarf of resistance (worn)
 G - a +4 troll leather armour (worn)
 O - a +2 pair of gloves (worn)
Jewellery
 g - an amulet of faith (around neck)
 t - a +3 ring of slaying (left hand)
 F - a ring of resist corrosion (right hand)
Wands
 q - a wand of digging (21/24)
 y - a wand of acid (10/15)
Scrolls
 d - 3 scrolls of fear
 e - a scroll of vulnerability
 j - 7 scrolls of remove curse
 r - 2 scrolls of teleportation
 u - 2 scrolls of enchant weapon {unknown}
 A - 4 scrolls of magic mapping
 I - 2 scrolls of fog
 N - a scroll of blinking
 S - a scroll of acquirement
 Y - 2 scrolls of recharging
Potions
 b - 2 potions of might
 k - 3 potions of agility
 l - a potion of mutation
 m - 10 potions of curing
 n - 2 potions of resistance
 o - a potion of invisibility
 R - 6 potions of heal wounds
 U - 2 potions of haste
 V - a potion of flight
Books
 i - a book of Cantrips

   Spells                             Type                      Level
   a - Confusing Touch                Hexes                        1
   b - Animate Skeleton               Necromancy                   1
   c - Summon Small Mammal            Summoning                    1
   d - Apportation                    Translocation                1
   Trog disapproves of the use of such an item.
Miscellaneous
 H - a fan of gales
Comestibles
 c - 4 bread rations
 s - a meat ration
 v - 3 royal jellies


   Skills:
 + Level 8.5 Fighting
 * Level 16.6 Axes
 + Level 7.5 Armour
 + Level 7.2 Dodging


You had 12 spell levels left.
You didn't know any spells.

Dungeon Overview and Level Annotations

Branches:
Dungeon (13/15)            Temple (0/1) D:5            Lair (2/6) D:11
    Orc (0/2) D:12
  Swamp: Lair:2-4    Shoals: Lair:2-4     Snake: Lair:2-4    Spider: Lair:2-4
 Vaults: D:13-14

Altars:
Ashenzari
Elyvilon
Gozag
Hepliaklqana
Makhleb
Qazlal
Ru
Uskayaw
Vehumet
Wu Jian
Zin
The Shining One
Beogh

Shops:
D:6 ?   D:12 *


Innate Abilities, Weirdness & Mutations

You have a pair of large antennae on your head. (SInv)
You regenerate a little health from kills.
You are mostly covered in sharp spines.
Your movements are less encumbered by armour. (ER -4)


Message History

The ynoxinul gestures at you. The iron shot misses you.
The iron shot hits the thrashing horror.
The raiju bursts into living lightning!
The living lightning hits you!
* * * LOW HITPOINT WARNING * * *
The living lightning hits you!
* * * LOW HITPOINT WARNING * * *
The raiju blinks! x3
The thrashing horror is struck by your spines.
The thrashing horror tramples you but does no damage. x2
The thrashing horror tramples you!
* * * LOW HITPOINT WARNING * * *
You hold your ground!
The thrashing horror tramples you but does no damage.
The ufetubus is struck by your spines.
You kill the ufetubus!
The raiju bursts into living lightning!
The living lightning hits you!
You die...

##. #
#######.... #.
#.#X.......
#h.###. ... .#
# #.#@# . #
### ##.#35##.
.. ###
.##.5#.# .. #
.###.#.....#
#####.#......#
{ # ### .#
##.... ..
##....#### .#.
... ##.##..#
#.. .. ... .
..{{.. #.# #
#. ....


You could see a thrashing horror, a raiju, a ynoxinul and 2 ufetubi.

Vanquished Creatures
  A very ugly thing (Abyss:2)
  A minotaur (Lab)
  A quicksilver dragon skeleton (Abyss:2)
  4 two-headed ogres
  A death yak (D:11)
  A sixfirhy (Abyss:2)
  2 unseen horrors
  3 ugly things
  A cyclops (D:12)
  A guardian serpent (Abyss:2)
  3 ice statues (IceCv)
  A gargoyle (D:11)
  7 spiny frogs
  2 komodo dragons (Lair:2)
  A minotaur zombie (Lab)
  10 ice devils
  4 trolls
  A queen bee (D:8)
  3 blink frogs (Lair:2)
  Prince Ribbit (D:9)
  A raiju (Abyss:2)
  2 hippogriffs
  A vampire (D:12)
  A ynoxinul (Abyss:2)
  A neqoxec (Abyss:2)
  3 wyverns
  18 yaks
  A hungry ghost (D:12)
  A basilisk (D:11)
  A chaos spawn (Abyss:2)
  A large abomination (Abyss:2)
  A steam dragon (D:12)
  Menkaure (D:4)
  6 porcupines
  7 water moccasins
  3 ice beasts
  10 orc warriors
  5 sky beasts
  3 small abominations (Abyss:2)
  2 phantoms
  A wolf (Lair:1)
  4 centaurs
  3 crocodiles
  7 ogres
  4 big kobolds
  13 bullfrogs
  Blork the orc (D:5)
  4 scorpions
  25 killer bees
  12 wights
  6 howler monkeys
  2 bullfrog zombies
  5 crimson imps
  A draconian simulacrum (IceCv)
  12 hounds
  A quasit (Abyss:2)
  2 centaur zombies
  7 jellies
  3 centaur skeletons
  5 orc priests
  3 iguanas
  2 bullfrog skeletons
  Crazy Yiuf (D:5)
  Ijyb (D:2)
  A hell rat (D:11)
  7 orc wizards
  3 spriggan simulacra (IceCv)
  9 worker ants
  3 troll simulacra (IceCv)
  A hound zombie (D:7)
  A hound skeleton (D:5)
  Robin (D:2)
  4 worker ant zombies
  12 gnolls (D:1)
  16 adders
  3 naga simulacra (IceCv)
  4 river rats (D:11)
  A shadow imp (D:7)
  A white imp (Abyss:2)
  9 oozes (D:4)
  3 worms
  2 dart slugs (D:1)
  9 leopard geckos
  47 orcs
  10 giant cockroaches
  21 goblins
  12 hobgoblins
  6 jackals
  3 quokkas
  4 ball pythons
  9 bats
  6 frilled lizards
  31 kobolds
  A leopard gecko skeleton (D:5)
  A quokka skeleton (D:7)
  A quokka zombie (D:4)
  5 rats
490 creatures vanquished.

Vanquished Creatures (collateral kills)
  A hydra (Lair:1)
  2 death yaks (D:11)
  A necromancer (IceCv)
  Maurice (D:9)
  2 ice devils (IceCv)
7 creatures vanquished.

Vanquished Creatures (others)
  A fungus (Lair:1)
  A lurking horror (Abyss:2)
  6 toadstools (D:4)
8 creatures vanquished.

Grand Total: 505 creatures vanquished

Notes
Turn   | Place    | Note
-------+----------+-------------------------------------------
     0 | D:1      | Alarkh the Demonspawn Berserker began the quest for the Orb.
     0 | D:1      | Reached XP level 1. HP: 18/18 MP: 1/1
    50 | D:1      | Reached skill level 3 in Axes
   230 | D:1      | Gained mutation: Your movements are slightly less encumbered by armour. (ER -2) [demonic ancestry]
   230 | D:1      | Reached XP level 2. HP: 24/24 MP: 2/2
  1097 | D:1      | Gained mutation: You regenerate a little health from kills. [demonic ancestry]
  1097 | D:1      | Reached XP level 3. HP: 29/29 MP: 3/3
  1624 | D:1      | Reached ** piety under Trog
  1632 | D:1      | Noticed a troll
  1635 | D:1      | Reached skill level 4 in Axes
  1683 | D:2      | Found a sacrificial altar of Ru.
  1812 | D:2      | Noticed Robin
  1821 | D:2      | Killed Robin
  1825 | D:2      | Reached XP level 4. HP: 35/35 MP: 4/4
  1934 | D:2      | Reached skill level 5 in Axes
  2002 | D:2      | Found a burning altar of Makhleb.
  2060 | D:2      | Noticed Ijyb
  2076 | D:2      | Killed Ijyb
  2076 | D:2      | Reached XP level 5. HP: 41/41 MP: 5/5
  2154 | D:2      | Reached *** piety under Trog
  2633 | D:3      | Found a radiant altar of Vehumet.
  2781 | D:3      | Found an ornate altar of the Wu Jian Council.
  2856 | D:3      | Found a shattered altar of Ashenzari.
  3186 | D:4      | Reached skill level 6 in Axes
  3399 | D:4      | Noticed a phantom
  3699 | D:4      | Reached XP level 6. HP: 44/47 MP: 6/6
  3906 | D:4      | Noticed Menkaure
  3919 | D:4      | Killed Menkaure
  3919 | D:4      | Reached skill level 7 in Axes
  4200 | D:4      | Reached **** piety under Trog
  4236 | D:4      | Gained mutation: Your movements are less encumbered by armour. (ER -4) [demonic ancestry]
  4236 | D:4      | Reached XP level 7. HP: 52/52 MP: 7/7
  4511 | D:4      | Found a hide-covered altar of Uskayaw.
  4599 | D:5      | Entered Level 5 of the Dungeon
  4612 | D:5      | Reached skill level 8 in Axes
  4768 | D:5      | Found a staircase to the Ecumenical Temple.
  5210 | D:5      | Noticed Blork the orc
  5215 | D:5      | Killed Blork the orc
  5227 | D:5      | Reached skill level 9 in Axes
  5227 | D:5      | Gained mutation: You have a pair of small antennae on your head. [demonic ancestry]
  5227 | D:5      | Reached XP level 8. HP: 39/58 MP: 8/8
  5548 | D:5      | Found a runed door.
  5552 | D:5      | Noticed Crazy Yiuf
  5556 | D:5      | Killed Crazy Yiuf
  5695 | D:6      | Reached skill level 10 in Axes
  5891 | D:6      | Reached ***** piety under Trog
  6113 | D:6      | Found a glowing golden altar of the Shining One.
  6116 | D:6      | Found Boimiar's Magic Scroll Shop.
  6125 | D:6      | Bought a scroll of enchant armour for 97 gold pieces
  6147 | D:6      | Reached skill level 11 in Axes
  6261 | D:6      | Gained mutation: You are partially covered in sharp spines. [demonic ancestry]
  6261 | D:6      | Reached XP level 9. HP: 63/63 MP: 9/9
  7260 | D:7      | Reached skill level 12 in Axes
  7485 | D:8      | Noticed a queen bee
  7659 | D:8      | Killed a queen bee
  7756 | D:8      | Received a gift from Trog
  7756 | D:8      | Reached skill level 13 in Axes
  7762 | D:8      | Found a stormy altar of Qazlal.
  7769 | D:8      | Gained mutation: You have a pair of antennae on your head. [demonic ancestry]
  7769 | D:8      | Reached XP level 10. HP: 44/70 MP: 10/10
  8000 | D:8      | Found a shattered altar of Ashenzari.
  8078 | D:8      | Gained mutation: You have supernaturally acute eyesight. (SInv) [mutagenic meat]
  8593 | D:8      | Found a hazy altar of Hepliaklqana.
  8594 | D:8      | Found an opulent altar of Gozag.
  8967 | D:9      | Noticed a two-headed ogre
  8974 | D:9      | Killed a two-headed ogre
  8974 | D:9      | Reached skill level 14 in Axes
  9070 | D:9      | Noticed Prince Ribbit
  9077 | D:9      | Killed Prince Ribbit
  9359 | D:9      | Noticed Maurice
  9383 | D:9      | Killed Maurice
  9451 | D:9      | Found a white marble altar of Elyvilon.
  9538 | D:10     | Entered Level 10 of the Dungeon
  9943 | D:10     | Noticed a two-headed ogre
  9949 | D:10     | Killed a two-headed ogre
 10076 | D:10     | Noticed an unseen horror
 10082 | D:10     | Killed an unseen horror
 10082 | D:10     | Reached XP level 11. HP: 55/77 MP: 11/11
 10227 | D:10     | Found a glowing silver altar of Zin.
 10347 | D:10     | Received a gift from Trog
 10507 | D:11     | Found a frozen archway.
 10573 | IceCv    | Entered an ice cave
 10605 | IceCv    | Reached skill level 5 in Fighting
 11165 | IceCv    | Reached skill level 15 in Axes
 11214 | IceCv    | Noticed a necromancer
 11216 | IceCv    | Killed a necromancer
 11570 | D:11     | Noticed a green ugly thing
 11576 | D:11     | Killed a green ugly thing
 11576 | D:11     | Reached skill level 5 in Armour
 11743 | D:11     | Received a gift from Trog
 11775 | D:11     | Found a staircase to the Lair.
 11777 | D:11     | Noticed a death yak
 11778 | D:11     | Noticed a death yak
 11781 | D:11     | Noticed a death yak
 11788 | D:11     | Killed a death yak
 11788 | D:11     | Reached skill level 5 in Dodging
 11788 | D:11     | Gained mutation: You are mostly covered in sharp spines. [demonic ancestry]
 11788 | D:11     | Reached XP level 12. HP: 88/88 MP: 12/12
 11791 | D:11     | Killed a death yak
 11796 | D:11     | Killed a death yak
 11842 | Lair:1   | Entered Level 1 of the Lair of Beasts
 12124 | Lair:2   | Found a labyrinth entrance.
 12133 | Lab      | Entered a labyrinth
 12290 | Lab      | Noticed a minotaur
 12299 | Lab      | Killed a minotaur
 12305 | Lab      | Got a twitching ruby amulet
 12406 | Lab      | Got a brightly glowing fustibalus
 12406 | Lab      | Got a transparent falchion
 12406 | Lab      | Got a bloodstained scale mail
 12435 | Lair:2   | Identified the +1 scale mail of the Teacher {rElec Str-2 Stlth+} (You found it in a labyrinth)
 12651 | Lair:2   | Received a gift from Trog
 13466 | Lair:1   | Reached skill level 16 in Axes
 13639 | Lair:1   | Identified the amulet "Nahoekia" {rF+ Regen+ Dex+3} (You found it in a labyrinth)
 14042 | Lair:1   | Noticed a four-headed hydra
 14048 | Lair:1   | Killed a four-headed hydra
 15312 | D:12     | Received a gift from Trog
 15323 | D:12     | Found Okofaata's Assorted Antiques.
 15331 | D:12     | Bought a scroll labeled HAEHYISMEI for 34 gold pieces
 15331 | D:12     | Bought a scroll labeled IXUN MASAX for 34 gold pieces
 15382 | D:12     | Found a roughly hewn altar of Beogh.
 15618 | D:12     | Gained mutation: You have a pair of large antennae on your head. (SInv) [demonic ancestry]
 15618 | D:12     | Reached XP level 13. HP: 61/98 MP: 13/13
 15791 | D:12     | Found a staircase to the Orcish Mines.
 16491 | D:13     | Cast into level 2 of the Abyss (a wizard)
 16499 | Abyss:2  | Identified a scroll of acquirement
 16611 | Abyss:2  | Noticed a purple very ugly thing
 16620 | Abyss:2  | Killed a purple very ugly thing
 16723 | Abyss:2  | Noticed a purple very ugly thing
 16723 | Abyss:2  | Noticed a purple very ugly thing
 16724 | Abyss:2  | Noticed a purple very ugly thing
 16725 | Abyss:2  | Noticed a purple very ugly thing
 16730 | Abyss:2  | Reached ****** piety under Trog
 16732 | Abyss:2  | Noticed a purple very ugly thing
 16759 | Abyss:2  | Found a corrupted altar of Lugonu.
 16796 | Abyss:2  | Noticed a bone dragon
 16817 | Abyss:2  | Received a gift from Trog
 16962 | Abyss:2  | Noticed a black draconian shifter
 16974 | Abyss:2  | Noticed a bone dragon
 17005 | Abyss:2  | Noticed a lorocyproca
 17022 | Abyss:2  | Found a corrupted altar of Lugonu.
 17139 | Abyss:2  | Lost mutation: You have supernaturally acute eyesight. (SInv) [a neqoxec]
 17226 | Abyss:2  | HP: 2/99 [thrashing horror (10)]
 17226 | Abyss:2  | Killed from afar by a raiju

Vault maps used:
D:1:      erik_arrival_cave_to_civilisation
D:2:      kennysheep_the_goblin_king, overflow_temple_1_default,
          lemuel_crystal_altar, minmay_pentomino_s2, uniq_robin
D:3:      old_standard_altar, fiery_altar_vehumet, old_standard_altar, uniq_ijyb
D:4:      cheibrodos_fertilizer, nicolae_overflow_hidden_temple, first_bread,
          serial_glass, glass_columns_a, glass_columns_a, uniq_menkaure
D:5:      minmay_temple_entry_water_ring, uniq_blork_the_orc,
          uniq_crazy_yiuf_cottage
D:6:      kennysheep_mini_moat, serial_shops, nicolae_shop_stone
D:8:      nicolae_qazlal_style_of_elements, minitemple, basic_altar,
          david_nohive_1
D:9:      lemuel_coloured_pillars_altar, uniq_prince_ribbit1, uniq_maurice
D:10:     basic_altar
D:11:     dpeg_lair_monsters, portal_ice_cave_demonic_guard
D:12:     orc_0_dummy, serial_shops, shop, special_room
D:13:     minmay_tri_stars
Lair:1:   minivault_19, beast_lair_carwin_8
Lair:2:   lab_entry_generic
Abyss:2:  evilmike_abyss_exit_8
Lab:      labyrinth_hidden_loot, nicolae_lab_flowing_pool
IceCv:    ice_cave_tombish

Skill      XL: |  1  2  3  4  5  6  7  8  9 10 11 12 13 |
---------------+----------------------------------------+-----
Axes           | 3 4 5 6 7 9 11 13 14 15 16 | 16.6
Armour         | 3 5 6 7 |  7.5
Dodging        | 3 5 6 7 |  7.2
Fighting       | 4 6 7 8 |  8.5

Action                   |  1- 3 |  4- 6 |  7- 9 | 10-12 | 13-15 || total
-------------------------+-------+-------+-------+-------+-------++-------
Melee: Hand axe          |   110 |   208 |   110 |       |       ||   428
       Battleaxe         |       |       |   145 |   535 |   110 ||   790
       Unarmed           |       |       |       |     9 |       ||     9
Invok: Berserk           |     2 |     6 |    10 |    14 |     4 ||    36
       Trog's Hand       |     1 |     1 |       |     1 |       ||     3
       Brothers in Arms  |       |       |       |     4 |       ||     4
Evoke: Wand              |       |       |       |     1 |     2 ||     3
  Use: Scroll            |       |     6 |     8 |    20 |     8 ||    42
       Potion            |       |     1 |     1 |       |       ||     2
 Stab: Sleeping          |     4 |     1 |       |       |       ||     5
  Eat: Chunk             |     4 |    14 |    20 |    30 |     4 ||    72
       Meat ration       |       |       |       |     1 |       ||     1
       Fruit             |       |       |       |     1 |       ||     1
       Bread ration      |       |       |       |     1 |     1 ||     2
       Royal jelly       |       |       |       |       |     1 ||     1
Armor: Animal skin       |    37 |    78 |     3 |       |       ||   118
       Ring mail         |       |       |    86 |    37 |       ||   123
       Skin              |       |       |       |     2 |       ||     2
       Troll leather arm |       |       |       |   102 |    53 ||   155
Dodge: Dodged            |    99 |   136 |   169 |   303 |   123 ||   830
